 Dungeon Crawl Stone Soup version 0.23-a0-389-g4a5eb33 (webtiles) character file.

38682 sleepydude the Bludgeoner (level 13, -1/122 HPs)
             Began as a Minotaur Berserker on Oct 29, 2018.
             Was a High Priest of Trog.
             Succumbed to a spriggan's poison
             ... on level 6 of the Lair of Beasts on Oct 30, 2018.
             The game lasted 00:39:50 (17580 turns).

sleepydude the Bludgeoner (Minotaur Berserker)     Turns: 17580, Time: 00:39:50

Health: -1/122     AC: 22    Str: 22    XL:     13   Next: 65%
Magic:  4/4        EV: 14    Int:  4    God:    Trog [*****.]
Gold:   1153       SH:  4    Dex: 15    Spells: 12/12 levels left

rFire    + + .     SeeInvis +   P - +6 flail (antimagic)
rCold    + . .     Gourm    .   N - +0 buckler
rNeg     . . .     Faith    +   n - +0 plate armour
rPois    .         Spirit   .   L - +1 hat {SInv}
rElec    .         Reflect  .   a - scarf {rC+ rF+}
rCorr    .         Harm     .   Q - +0 pair of gloves
MR       .....                  h - +1 pair of boots
Stlth    ..........             k - amulet of faith
HPRegen  0.30/turn              l - +4 ring of evasion
MPRegen  0.09/turn              I - ring of protection from fire

@: lethally poisoned (-1 -> -12)
A: retaliatory headbutt, horns 2
a: Berserk, Trog's Hand, Brothers in Arms, Renounce Religion


You were on level 6 of the Lair of Beasts.
You worshipped Trog.
Trog was extremely pleased with you.
You were not hungry.

You visited 3 branches of the dungeon, and saw 18 of its levels.

You collected 1153 gold pieces.

Inventory:

Hand Weapons
 y - a +4 antimagic dire flail
 C - a +5 flail
 H - a +5 morningstar
 P - a +6 antimagic flail (weapon)
Armour
 a - a scarf of resistance (worn)
 h - a +1 pair of boots (worn)
 m - a +1 ring mail of poison resistance
 n - a +0 plate armour (worn)
 o - a +2 chain mail of cold resistance
 D - a +2 ring mail of fire resistance
 E - a +1 ring mail of positive energy
 L - a +1 hat of see invisible (worn)
 N - a +0 buckler (worn)
 Q - a +0 pair of gloves (worn)
Jewellery
 k - an amulet of faith (around neck)
 l - a +4 ring of evasion (left hand)
 I - a ring of protection from fire (right hand)
 O - an uncursed ring of flight
Wands
 A - a wand of digging (14)
Scrolls
 b - 4 scrolls of remove curse {@r2}
 g - 7 scrolls of identify {@r1}
 j - 2 scrolls of fog
 q - 8 scrolls of teleportation
 s - 2 scrolls of silence
 t - 2 scrolls of magic mapping
 u - a scroll of enchant armour
 F - a scroll of enchant weapon {unknown}
 K - 3 scrolls of fear
 M - a scroll of brand weapon {unknown}
Potions
 d - 6 potions of flight
 e - 5 potions of curing {@q1}
 f - 5 potions of haste
 i - a potion of magic
 p - a potion of cancellation
 r - 4 potions of brilliance
 v - a potion of resistance
 w - a potion of invisibility
 x - 2 potions of heal wounds
 z - a potion of agility
 B - 4 potions of might
 G - a potion of berserk rage {unknown}
Comestibles
 c - 10 rations
 J - 7 chunks of flesh


   Skills:
 + Level 13.5 Fighting
 - Level 17.3 Maces & Flails
 + Level 15.0 Armour
 + Level 6.2 Dodging
 - Level 3.1 Stealth
 * Level 1.4 Shields


You had 12 spell levels left.
You didn't know any spells.
Your spell library was empty.

Dungeon Overview and Level Annotations

Branches:
Dungeon (11/15)            Temple (0/1) D:6            Lair (6/6) D:11
  Swamp (0/4) Lair:4       Spider (0/4) Lair:2          Orc (1/2) D:9
  Slime: Lair:5-6

Altars:
Gozag
Hepliaklqana
Makhleb
Nemelex Xobeh
Uskayaw
Xom
Beogh

Shops:
D:7 :   D:9 ?*

Portals:
Trove: D:11 (give +6 demon blade)

Annotations:
Lair:3 exclusion: oklob plant


Innate Abilities, Weirdness & Mutations

You reflexively headbutt those who attack you in melee.
You have a pair of horns on your head.


Message History

* * * LOW HITPOINT WARNING * * *
You are poisoned.
You feel yourself slow down.
As you read the scroll of fog, it crumbles to dust.
The scroll dissolves into smoke.
You feel yourself speed up.
You feel sick. You block the wolf's attack.
The hornet stings you but does no damage.
You block the wolf's attack.
The spriggan rider completely misses you.
The spriggan hits you with a +2 rapier of venom!
* * * LOW HITPOINT WARNING * * *
You are more poisoned.
The hornet stings you but does no damage.
* * * LOW HITPOINT WARNING * * *
You feel sick. The wolf bites you but does no damage.
The spriggan rider closely misses you. The spriggan closely misses you.
You furiously retaliate!
You headbutt the spriggan, but do no damage.
You die...

♣....♣ ♣..h.♣♣..♣ .
#♣..♣ ♣..i...♣
..♣...♣ ♣♣h.♣♣
....†%♣ ♣....♣
.###÷y♣ ♣♣§h.♣♣
#††## ♣§ih.♣ ##...#
#♣# ♣♣hy♣♣♣
..#.P.######.###§i§♣
.......#.##.#.##@§§#
P........<.......P##
P.........÷..###PP#
P...###......# ####
..P###......##
.....##.P.#.##
..#..##.#.#..## .
#.......#...#
#P....###.###


You could see a hornet, a spriggan and a wolf.

Vanquished Creatures
  Gastronok (Lair:3)
  Snorg (Lair:3)
  5 hydras
  Harold (D:7)
  A catoblepas (Lair:3)
  2 two-headed ogres
  2 unseen horrors (D:10)
  2 ugly things (D:11)
  A cyclops (D:10)
  6 elephants (Lair:6)
  A black mamba (Lair:4)
  A centaur skeleton (D:10)
  9 spiny frogs
  4 komodo dragons
  A rime drake (Lair:3)
  3 polar bears
  A troll (Orc:1)
  A hornet (Lair:5)
  3 dream sheep (Lair:6)
  3 hippogriffs
  13 blink frogs
  2 spriggans
  A wyvern (Lair:4)
  A wraith (D:9)
  3 hogs (D:7)
  20 yaks
  A human (D:7)
  4 hungry ghosts
  2 basilisks
  7 vampire mosquitoes (Lair:4)
  9 water moccasins
  5 porcupines
  3 orc warriors
  3 black bears
  A phantom (D:7)
  A necrophage (D:9)
  An ice beast (D:6)
  A sky beast (D:5)
  3 ogres (D:4)
  14 wolves
  4 centaurs
  9 crocodiles
  A big kobold (D:5)
  15 bullfrogs
  A gnoll sergeant (D:6)
  A wyvern zombie (D:9)
  3 scorpions
  2 troll zombies (D:9)
  13 wights
  8 killer bees
  8 howler monkeys
  An electric eel (Lair:4)
  4 crimson imps
  2 jellies
  A centaur zombie (D:10)
  A bullfrog zombie (D:5)
  6 hounds
  4 bullfrog skeletons
  A gnoll shaman (Orc:1)
  10 orc priests
  18 orc wizards
  An iguana (D:9)
  9 worker ants
  4 ogre zombies (D:9)
  3 hound zombies (D:7)
  16 gnolls
  A howler monkey skeleton (D:7)
  A worker ant zombie (D:9)
  7 adders
  An ooze (D:3)
  7 worms
  2 dart slugs
  4 leopard geckos
  44 orcs
  3 ball pythons
  9 bats
  5 giant cockroaches
  4 goblins
  6 hobgoblins
  10 jackals
  2 quokkas (D:11)
  3 frilled lizards
  2 goblin skeletons (D:9)
  2 goblin zombies (D:9)
  A hobgoblin skeleton (D:9)
  A jackal skeleton (D:4)
  A jackal zombie (D:8)
  8 kobolds
  14 orc zombies (D:9)
  A quokka skeleton (D:2)
  A quokka zombie (D:9)
  11 rats
441 creatures vanquished.

Vanquished Creatures (collateral kills)
  A hydra (D:11)
  Erica (Lair:2)
  A two-headed ogre (D:8)
  A cyclops (D:11)
  2 komodo dragons (Lair:6)
  6 dream sheep (Lair:6)
  A yak (D:11)
  A spriggan (Lair:5)
  A basilisk (Lair:3)
  A sky beast (D:11)
  A wyvern skeleton (D:11)
17 creatures vanquished.

Vanquished Creatures (others)
  4 plants (D:7)
4 creatures vanquished.

Grand Total: 462 creatures vanquished

Notes
Turn   | Place    | Note
-------+----------+-------------------------------------------
     0 | D:1      | sleepydude the Minotaur Berserker began the quest for the
                  | Orb.
     0 | D:1      | Reached XP level 1. HP: 19/19 MP: 0/0
   317 | D:1      | Reached XP level 2. HP: 24/27 MP: 1/1
   618 | D:2      | Reached skill level 4 in Maces & Flails
   707 | D:2      | Reached ** piety under Trog
   707 | D:2      | Reached XP level 3. HP: 33/33 MP: 2/2
  1081 | D:2      | Reached XP level 4. HP: 40/40 MP: 3/3
  1244 | D:3      | Reached skill level 5 in Maces & Flails
  1626 | D:3      | Reached XP level 5. HP: 47/47 MP: 4/4
  1958 | D:4      | Noticed an ogre
  1969 | D:4      | Killed an ogre
  1969 | D:4      | Reached skill level 6 in Maces & Flails
  2131 | D:4      | Reached XP level 6. HP: 53/55 MP: 5/5
  2152 | D:4      | Reached *** piety under Trog
  2198 | D:4      | Reached skill level 5 in Fighting
  2210 | D:4      | Reached skill level 7 in Maces & Flails
  2394 | D:4      | Found a sparkling altar of Nemelex Xobeh.
  2397 | D:4      | Found a burning altar of Makhleb.
  2466 | D:4      | Reached XP level 7. HP: 61/61 MP: 6/6
  2524 | D:4      | Found a hide-covered altar of Uskayaw.
  2656 | D:5      | Entered Level 5 of the Dungeon
  2725 | D:5      | Reached skill level 8 in Maces & Flails
  2725 | D:5      | Reached skill level 5 in Armour
  2725 | D:5      | Reached skill level 1 in Stealth
  3551 | D:6      | Reached XP level 8. HP: 50/70 MP: 7/7
  3592 | D:6      | Reached **** piety under Trog
  3601 | D:6      | Reached skill level 9 in Maces & Flails
  3871 | D:6      | Found a staircase to the Ecumenical Temple.
  4023 | D:6      | Reached skill level 10 in Maces & Flails
  4537 | D:7      | Found Zivarch's Book Shop.
  4753 | D:7      | Noticed Harold
  4758 | D:7      | Reached ***** piety under Trog
  4758 | D:7      | Reached XP level 9. HP: 74/78 MP: 8/8
  4770 | D:7      | Killed Harold
  4770 | D:7      | Reached skill level 11 in Maces & Flails
  5131 | D:7      | Reached skill level 12 in Maces & Flails
  5309 | D:7      | Found a shimmering altar of Xom.
  5310 | D:7      | Found a hazy altar of Hepliaklqana.
  5311 | D:7      | Noticed a spectral ugly thing
  5769 | D:8      | Reached XP level 10. HP: 87/88 MP: 9/9
  5994 | D:8      | Found an opulent altar of Gozag.
  6025 | D:8      | Noticed a two-headed ogre
  6043 | D:8      | Killed a two-headed ogre
  6817 | D:9      | Found Plog's Changing Room.
  6855 | D:9      | Found Egruz's Magic Scroll Shoppe.
  6926 | D:9      | Found a staircase to the Orcish Mines.
  6950 | D:9      | Reached skill level 13 in Maces & Flails
  6961 | D:9      | Received a gift from Trog
  8195 | D:10     | Entered Level 10 of the Dungeon
  8435 | D:10     | Noticed a two-headed ogre
  8445 | D:10     | Killed a two-headed ogre
  8642 | D:10     | Reached skill level 10 in Armour
  8790 | D:10     | Reached skill level 14 in Maces & Flails
  8843 | D:10     | Killed an unseen horror
  8843 | D:10     | Reached skill level 5 in Dodging
  8843 | D:10     | Reached XP level 11. HP: 88/99 MP: 10/10
  9076 | D:10     | Killed an unseen horror
  9487 | Orc:1    | Entered Level 1 of the Orcish Mines
  9492 | Orc:1    | Reached skill level 10 in Fighting
  9727 | Orc:1    | Received a gift from Trog
  9750 | Orc:1    | Found a roughly hewn altar of Beogh.
  9768 | Orc:1    | Noticed an orc knight
  9980 | D:11     | Found a portal to a secret trove of treasure.
 10021 | D:11     | Found a shimmering altar of Xom.
 10021 | D:11     | Found a shimmering altar of Xom.
 10021 | D:11     | Found a shimmering altar of Xom.
 10021 | D:11     | Found a shimmering altar of Xom.
 10021 | D:11     | Found a shimmering altar of Xom.
 10021 | D:11     | Found a shimmering altar of Xom.
 10021 | D:11     | Found a shimmering altar of Xom.
 10021 | D:11     | Found a shimmering altar of Xom.
 10022 | D:11     | Found a shimmering altar of Xom.
 10132 | D:11     | Found a labyrinth entrance.
 10256 | D:11     | Found a staircase to the Lair.
 10314 | D:11     | Noticed a two-headed ogre
 10319 | D:11     | Killed a two-headed ogre
 10489 | D:11     | Noticed a green ugly thing
 10497 | D:11     | Killed a green ugly thing
 10556 | D:11     | Reached skill level 15 in Maces & Flails
 10937 | D:11     | Noticed a cyan ugly thing
 10947 | D:11     | Killed a cyan ugly thing
 11098 | D:11     | Noticed a wolf spider
 11105 | D:11     | Noticed a satyr
 11105 | D:11     | a wolf spider changed into a satyr
 11226 | Lair:1   | Entered Level 1 of the Lair of Beasts
 11227 | Lair:1   | Noticed a four-headed hydra
 11244 | Lair:1   | Killed a four-headed hydra
 11453 | Lair:1   | Noticed a seven-headed hydra
 11469 | D:11     | Received a gift from Trog
 11485 | D:11     | Killed a seven-headed hydra
 11902 | Lair:1   | Reached XP level 12. HP: 110/110 MP: 11/11
 12302 | Lair:1   | Noticed an eight-headed hydra
 12308 | Lair:1   | Killed an eight-headed hydra
 12663 | Lair:2   | Noticed Erica
 12681 | Lair:2   | Killed Erica
 12784 | Lair:2   | Noticed a seven-headed hydra
 12788 | Lair:2   | Killed a seven-headed hydra
 13104 | Lair:2   | Found a hole to the Spider Nest.
 13486 | Lair:3   | Reached skill level 16 in Maces & Flails
 13615 | Lair:3   | Noticed Gastronok
 13632 | Lair:3   | Killed Gastronok
 13655 | Lair:3   | Noticed Snorg
 13661 | Lair:3   | Killed Snorg
 13877 | Lair:3   | Received a gift from Trog
 14009 | Lair:3   | Noticed a catoblepas
 14018 | Lair:3   | Killed a catoblepas
 14418 | Lair:4   | Noticed a seven-headed hydra
 14429 | Lair:4   | Killed a seven-headed hydra
 14674 | Lair:4   | Reached XP level 13. HP: 118/119 MP: 12/12
 15194 | Lair:4   | Found a staircase to the Swamp.
 16160 | Lair:5   | Reached skill level 17 in Maces & Flails
 16414 | Lair:6   | Entered Level 6 of the Lair of Beasts
 16429 | Lair:6   | Received a gift from Trog
 17065 | Lair:6   | Paralysed by a hornet for 3 turns
 17392 | Lair:5   | Reached skill level 15 in Armour
 17552 | Lair:6   | Reached skill level 1 in Shields
 17578 | Lair:6   | HP: 3/122 [spriggan/+2 rapier of venom (8)]
 17579 | Lair:6   | HP: 1/122 [poisoned by a spriggan]
 17580 | Lair:6   | Succumbed to a spriggan's poison

Vault maps used:
D:1:      eino_arrival_druids_welcome
D:2:      moated_statue, minmay_misc_feat_more_columns
D:3:      first_ration, kennysheep_generic_room_6
D:4:      lemuel_round_altar, grunt_temple_overflow_open
D:5:      lexackson_kobold_supper
D:6:      minmay_temple_entry_crystal_x
D:7:      regret_index_temple_of_mockery, serial_shops, nicolae_shop_stone,
          grunt_livestock, chequers_serial_rivers_small_a,
          serial_bayou_lagoon_a, uniq_harold
D:8:      nicolae_gozag_seed_capital
D:9:      zombieorc1_lemuel, serial_shops, nicolae_shop_waterfront,
          minmay_door_square, nicolae_transmutations_shop
D:11:     lair_entry_dummy, nicolae_trove_entry_free_sample, lab_entry_generic,
          xom_shifter_show
Lair:1:   infiniplex_staircase_pool_2, grunt_megastairs_1
Lair:2:   nicolae_spider_entry_non_spiders, serial_bayou_shore_a,
          grunt_megastairs_2, uniq_erica
Lair:3:   chequers_serial_rivers_micro_a, grunt_forest_small_clearings,
          nicolae_quartered_pool_medium, grunt_megastairs_5,
          minmay_lair_oklob_chamber, uniq_gastronok, uniq_snorg
Lair:4:   minmay_swamp_entry_swarm, serial_rivers,
          chequers_serial_rivers_micro_d, chequers_serial_rivers_micro_e,
          chequers_serial_rivers_room_a, chequers_serial_rivers_small_b
Lair:6:   minmay_lair_end_enchanted_forest, dpeg_slime_entry_enclosed_altar
Orc:1:    basic_altar, lightli_volcano_entry_magma_tube

Skill      XL: |  1  2  3  4  5  6  7  8  9 10 11 12 13 |
---------------+----------------------------------------+-----
Fighting       | 4 5 6 8 9 11 12 13 | 13.5
Maces & Flails | 4 5 6 7 8 10 12 14 15 16 17 | 17.3
Armour         | 3 4 5 7 8 10 11 13 15 | 15.0
Dodging        | 3 4 5 6 |  6.2
Stealth        | 1 2 3 |  3.1
Shields        | 1 |  1.4

Action                   |  1- 3 |  4- 6 |  7- 9 | 10-12 | 13-15 || total
-------------------------+-------+-------+-------+-------+-------++-------
Melee: Mace              |    87 |   143 |    21 |       |       ||   251
       Headbutt          |    11 |    17 |    62 |   131 |    67 ||   288
       Flail             |       |       |   228 |   210 |   117 ||   555
       Morningstar       |       |       |    12 |   405 |   116 ||   533
Invok: Berserk           |       |     1 |     1 |    12 |     1 ||    15
       Trog's Hand       |       |     1 |       |       |       ||     1
       Brothers in Arms  |       |       |     1 |     8 |     2 ||    11
  Use: Scroll            |       |       |     4 |    24 |     1 ||    29
       Potion            |       |       |       |       |     1 ||     1
 Stab: Sleeping          |     1 |       |       |       |       ||     1
       Distracted        |       |       |       |     2 |     1 ||     3
  Eat: Chunk             |     1 |     2 |     9 |    21 |    10 ||    43
       Ration            |       |     1 |     1 |    10 |       ||    12
Armor: Animal skin       |    17 |       |       |       |       ||    17
       Chain mail        |    40 |    99 |   152 |   279 |       ||   570
       Plate armour      |       |       |       |    31 |   161 ||   192
Dodge: Dodged            |    53 |    68 |   107 |   338 |   199 ||   765
Block: Buckler           |       |       |       |       |    15 ||    15

Table legend:
 A = Non-vault XP
 B = Vault XP
 C = Vault XP percentage of total XP
 D = Non-vault monster count
 E = Vault monster count
 F = Vault count percentage of total count
                 A         B        C        D         E       F
            +---------+---------+-------+---------+---------+-------
      Total |   43036 |   12225 |  22.1 |     378 |      80 |  17.5
            +---------+---------+-------+---------+---------+-------
        D:1 |      23 |       0 |   0.0 |      15 |       0 |   0.0
        D:2 |      80 |       0 |   0.0 |      21 |       0 |   0.0
        D:3 |     113 |       6 |   5.0 |      23 |       2 |   8.0
        D:4 |     671 |       0 |   0.0 |      24 |       0 |   0.0
        D:5 |     361 |     108 |  23.0 |       8 |       5 |  38.5
        D:6 |    1243 |       0 |   0.0 |      32 |       0 |   0.0
        D:7 |     874 |    1972 |  69.3 |      24 |       6 |  20.0
        D:8 |    1175 |       0 |   0.0 |      22 |       0 |   0.0
        D:9 |    1099 |     806 |  42.3 |      19 |      28 |  59.6
       D:10 |    4734 |       0 |   0.0 |      30 |       0 |   0.0
       D:11 |    5967 |       0 |   0.0 |      52 |       0 |   0.0
     Lair:1 |    3183 |     783 |  19.7 |      12 |       2 |  14.3
     Lair:2 |    2795 |     888 |  24.1 |      11 |      10 |  47.6
     Lair:3 |    3588 |    4172 |  53.8 |      18 |       6 |  25.0
     Lair:4 |    4938 |    1241 |  20.1 |      16 |       7 |  30.4
     Lair:5 |    3507 |     793 |  18.4 |      12 |       4 |  25.0
     Lair:6 |    8178 |    1456 |  15.1 |      31 |      10 |  24.4
      Orc:1 |     507 |       0 |   0.0 |       8 |       0 |   0.0
            +---------+---------+-------+---------+---------+-------
